 Dungeon Crawl Stone Soup version 0.14-a0-2848-g1d0399b (webtiles) character file.

147 JEFFREY the Insei (level 4, -1/35 HPs)
             Began as a Demonspawn Monk on Feb 27, 2014.
             Slain by letownia's ghost (4 damage)
             ... on Level 3 of the Dungeon.
             The game lasted 00:09:52 (2049 turns).

JEFFREY the Insei (Demonspawn Monk)                 Turns: 2049, Time: 00:09:53

HP  -1/35        AC  3     Str 13      XL: 4   Next:  7%
MP   4/4         EV 12     Int 11      God:
Gold 75          SH  0     Dex 15      Spells:  0 memorised,  3 levels left

rFire  . . .     SeeInvis .     j - +0 whip
rCold  . . .     Clarity  .     g - +0 elf leather armour
rNeg   . . .     Conserve .     (no shield)
rPois  +         rCorr    .     (no helmet)
rElec  .         rRot     .     (no cloak)
SustAb . .       Spirit   .     (no gloves)
rMut   .         Warding  .     (no boots)
Saprov . . .     Stasis   .     (no amulet)
MR     .....                    (no ring)
                                a - ring of poison resistance {unknown}

@: not resistant to hostile enchantments, fairly stealthy
A: powered by death 1
a: no special abilities


You were on level 3 of the Dungeon.
You were not hungry.

You visited 1 branch of the dungeon, and saw 3 of its levels.

You collected 75 gold pieces.

Inventory:

Hand weapons
 j - a +0,+0 whip (weapon)
 k - a +0,+0 long sword
Armour
 g - a +0 elven leather armour (worn)
Comestibles
 b - 4 bread rations
 c - an apple
 l - a pear
Scrolls
 d - a scroll of enchant weapon I {unknown}
 e - 5 scrolls of identify {unknown}
 f - 2 scrolls of teleportation {unknown}
 h - a scroll of fear {unknown}
 n - a scroll of magic mapping {unknown}
Jewellery
 a - a ring of poison resistance (left hand) {unknown}
Magical staves
 i - an uncursed staff of conjuration


   Skills:
 + Level 3.0 Fighting
 + Level 2.0 Maces & Flails
 + Level 2.6 Dodging
 - Level 1.7 Stealth
 + Level 4.5 Unarmed Combat


You had 3 spell levels left.
You didn't know any spells.

Dungeon Overview and Level Annotations

Branches:
Dungeon (3/16)

Altars:
Cheibriados
Vehumet

Annotations:
D:3 letownia's ghost, average KoBe


Innate Abilities, Weirdness & Mutations

You can steal the life force of nearby defeated enemies.


Message History

Letownia's ghost is moderately damaged.
Letownia's ghost hits you.
You barely miss letownia's ghost.
Letownia's ghost is moderately damaged.
Letownia's ghost closely misses you.
Your leather armour prevents you from hitting letownia's ghost.
Letownia's ghost is moderately damaged.
Letownia's ghost hits you!
You hit letownia's ghost.
Letownia's ghost is heavily damaged.
Letownia's ghost hits you!
* * * LOW HITPOINT WARNING * * *
You closely miss letownia's ghost.
Letownia's ghost is heavily damaged.
Letownia's ghost hits you.
* * * LOW HITPOINT WARNING * * *
You barely miss letownia's ghost.
Letownia's ghost is heavily damaged.
Letownia's ghost hits you.
You die...

......#.....### #.####
............!$ .......
#..#.....# ##.####
.###.###........#######.####
.........).....[............
.###.###)#####.####......###
.###.###.#####.####..... ...
....................... ##
...........@p......... #
...................... ..
...#.##...#########... # .
#.##...##### # #............
#.##...##### #.##...#
#.##...# #.##...#


You could see letownia's ghost.

Vanquished Creatures
  3 adders (D:2)
  6 hobgoblins
  8 bats
  4 giant cockroaches
  7 goblins
  6 jackals
  7 kobolds
  6 rats
47 creatures vanquished.

Vanquished Creatures (others)
  A giant newt (D:2)
1 creature vanquished.

Grand Total: 48 creatures vanquished

Notes
Turn   | Place    | Note
--------------------------------------------------------------
     0 | D:1      | JEFFREY, the Demonspawn Monk, began the quest for the Orb.
     0 | D:1      | Reached XP level 1. HP: 18/18 MP: 1/1
   373 | D:1      | Reached skill level 4 in Unarmed Combat
   436 | D:1      | Gained mutation: You can steal the life force of nearby defeated enemies. [demonic ancestry]
   436 | D:1      | Reached XP level 2. HP: 16/24 MP: 2/2
  1072 | D:2      | Reached XP level 3. HP: 27/29 MP: 3/3
  1089 | D:2      | Found a radiant altar of Vehumet.
  1090 | D:2      | Found a snail-covered altar of Cheibriados.
  1240 | D:2      | Reached skill level 1 in Maces & Flails
  1722 | D:2      | Reached XP level 4. HP: 33/35 MP: 4/4
  2026 | D:3      | Noticed letownia's ghost (average KoBe)
  2049 | D:3      | Slain by letownia's ghost

Action                   |  1- 3 |  4- 6 || total
-------------------------+-------+-------++-------
Melee: Unarmed           |    88 |       ||    88
       Whip              |   107 |    27 ||   134
  Use: Potion            |       |     2 ||     2
